[Event "Rated Blitz game"]
[Site "?"]
[Date "2021.06.16"]
[Round "?"]
[White "forbiddencheapos"]
[Black "vispassana"]
[Result "1-0"]
[ECO "C46"]
[WhiteElo "2389"]
[BlackElo "2474"]
[PlyCount "159"]
[EventDate "2021.??.??"]
[EventType "blitz"]
[TimeControl "180+2"]

1. e4 e5 2. Nf3 Nc6 3. Nc3 Nf6 4. Nxe5 Nxe5 5. d4 d6 6. dxe5 dxe5 7. Qxd8+ Kxd8
8. Bc4 Bb4 9. f3 Ke7 10. Bd2 c6 11. O-O-O b5 12. Bb3 a5 13. a3 Bd6 14. Rhe1 a4
15. Ba2 Be6 16. Bxe6 Kxe6 17. Ne2 c5 18. Ng3 g6 19. Bg5 Nd7 20. Nf1 f6 21. Bh4
b4 22. Ne3 Nb6 23. Bxf6 Rhb8 24. Ng4 Nd7 25. Bh4 bxa3 26. bxa3 c4 27. Re3 h5
28. Nf2 Ra6 29. Rc3 Rc6 30. Nh3 Be7 31. Bxe7 Kxe7 32. Ng5 Nb6 33. h4 Rb7 34.
Rd2 Rd7 35. Rxd7+ Kxd7 36. Kd2 Rd6+ 37. Ke2 Ke7 38. Nh3 Kf6 39. Nf2 g5 40.
hxg5+ Kxg5 41. Nd1 Rg6 42. Ne3 Kf4 43. Kf2 h4 44. Nxc4 Rc6 45. Nxb6 Rxc3 46.
Nd5+ Kg5 47. Nxc3 h3 48. gxh3 Kf4 49. Kg2 Kg5 50. Kg3 Kh5 51. h4 Kg6 52. Kg4
Kh6 53. h5 Kg7 54. Kg5 Kh7 55. h6 Kg8 56. Nd5 Kh8 57. Kg6 Kg8 58. Ne7+ Kh8 59.
Nf5 Kg8 60. Ng3 Kh8 61. Nh5 Kg8 62. h7+ Kh8 63. Kg5 Kxh7 64. Nf6+ Kg7 65. Ng4
Kf7 66. Nxe5+ Ke6 67. Nc4 Kd7 68. Nb6+ Kc6 69. Nxa4 Kb5 70. e5 Kc4 71. e6 Kd4
72. e7 Ke3 73. e8=Q+ Kd2 74. Qe4 Kc1 75. c4 Kd2 76. c5 Kd1 77. c6 Kd2 78. c7
Kd1 79. c8=Q Kd2 80. Qcc2# {Normal} 1-0

[Event "Rated Blitz game"]
[Site "?"]
[Date "2021.06.16"]
[Round "?"]
[White "forbiddencheapos"]
[Black "Patzeroob"]
[Result "1-0"]
[ECO "C46"]
[WhiteElo "2401"]
[BlackElo "2378"]
[PlyCount "101"]
[EventDate "2021.??.??"]
[EventType "blitz"]
[TimeControl "180+2"]

1. e4 e5 2. Nf3 Nc6 3. Nc3 Nf6 4. Nxe5 Nxe5 5. d4 Ng6 6. e5 Ng8 7. Bc4 Bb4 8.
Qf3 Qe7 9. O-O Nh6 10. Nd5 Qf8 11. Bxh6 gxh6 12. Nxb4 Qxb4 13. Qxf7+ Kd8 14.
Qf6+ Qe7 15. Qxe7+ Kxe7 16. f4 c6 17. f5 Nf8 18. f6+ Kd8 19. Rae1 a5 20. a4 Ng6
21. Bb3 Rf8 22. c4 b6 23. d5 c5 24. e6 Ke8 25. e7 Rf7 26. d6 Bb7 27. Bc2 Rc8
28. Bf5 Rxf6 29. Bxd7+ Kxd7 30. Rxf6 Re8 31. Re3 Bc6 32. b3 h5 33. Rd3 Ne5 34.
Rd2 Ng6 35. Rf7 h6 36. Rf6 Ne5 37. Rxh6 Rg8 38. Kf1 Ng4 39. Rxh5 Ne3+ 40. Kf2
Nxg2 41. Rf5 Re8 42. Rf8 Nh4 43. Kg3 Ng6 44. Rxe8 Kxe8 45. h4 Bd7 46. h5 Ne5
47. Kf4 Nf7 48. Rg2 Nxd6 49. h6 Nf7 50. h7 Kxe7 51. Rg7 {Normal} 1-0

[Event "Rated Blitz game"]
[Site "?"]
[Date "2021.06.15"]
[Round "?"]
[White "forbiddencheapos"]
[Black "tamur"]
[Result "0-1"]
[ECO "C46"]
[WhiteElo "2399"]
[BlackElo "2430"]
[PlyCount "104"]
[EventDate "2021.??.??"]
[EventType "blitz"]
[TimeControl "300"]

1. e4 e5 2. Nf3 Nc6 3. Nc3 Nf6 4. Nxe5 Nxe5 5. d4 Ng6 6. e5 Bb4 7. exf6 Qxf6 8.
Be2 O-O 9. O-O Bxc3 10. bxc3 d5 11. Rb1 Re8 12. Bf3 c6 13. Re1 Rxe1+ 14. Qxe1
Qe6 15. Qxe6 fxe6 16. Bh5 Ne7 17. Ba3 Nf5 18. g3 b6 19. Be8 Bb7 20. Bd7 Kf7 21.
Re1 Nh6 22. Bxe6+ Kf6 23. Bh3 Ng8 24. f4 Rd8 25. Re5 Bc8 26. Bg2 Kf7 27. Kf2
Re8 28. c4 Rxe5 29. fxe5 Be6 30. cxd5 Bxd5 31. Bxd5+ cxd5 32. Ke3 Ke6 33. Kd3
Nh6 34. c4 Ng4 35. h3 Nf2+ 36. Ke2 Ne4 37. cxd5+ Kxd5 38. Kf3 Nc3 39. Bf8 g6
40. a3 Nb5 41. e6 Kxe6 42. Ke4 Nc3+ 43. Kd3 Nd5 44. Kc4 a6 45. a4 Ne3+ 46. Kd3
Nf5 47. g4 Ne7 48. Kc4 Nd5 49. a5 bxa5 50. Kc5 a4 51. Kc6 a5 52. Ba3 Ne3 {
Time forfeit} 0-1

[Event "Rated Blitz game"]
[Site "?"]
[Date "2021.06.15"]
[Round "?"]
[White "forbiddencheapos"]
[Black "edrom"]
[Result "1-0"]
[ECO "C46"]
[WhiteElo "2420"]
[BlackElo "2353"]
[PlyCount "75"]
[EventDate "2021.??.??"]
[EventType "blitz"]
[TimeControl "300"]

1. e4 e5 2. Nf3 Nc6 3. Nc3 Nf6 4. Nxe5 Nxe5 5. d4 Ng6 6. e5 Ng8 7. Bc4 d5 8.
Bxd5 Bb4 9. Qf3 Qe7 10. Bxb7 Bxb7 11. Qxb7 Rd8 12. Qb5+ Rd7 13. O-O Bxc3 14.
bxc3 Nh6 15. a4 O-O 16. Ba3 Qe6 17. Bxf8 Nxf8 18. a5 Nf5 19. a6 Nh4 20. Qe2
Nfg6 21. f4 c5 22. dxc5 h6 23. Qf2 Qc6 24. Rad1 Rxd1 25. Rxd1 Nxf4 26. Rd6 Qe4
27. Rd4 Ne2+ 28. Kf1 Nxd4 29. cxd4 Nf5 30. c6 Ne3+ 31. Kg1 Nd5 32. c4 Ne3 33.
Qd2 Qb1+ 34. Kf2 Nxc4 35. Qe2 Qf5+ 36. Kg1 Qb1+ 37. Qf1 Nb6 38. Qxb1 {Normal}
1-0

[Event "Rated Blitz game"]
[Site "?"]
[Date "2021.06.15"]
[Round "?"]
[White "Salimskyi"]
[Black "Eduard_17_TUVA"]
[Result "1-0"]
[ECO "C46"]
[WhiteElo "2510"]
[BlackElo "2466"]
[PlyCount "133"]
[EventDate "2021.??.??"]
[EventType "blitz"]
[TimeControl "180"]

1. e4 e5 2. Nf3 Nc6 3. Nc3 Nf6 4. Nxe5 Nxe5 5. d4 Nc6 6. d5 Ne7 7. e5 Nfxd5 8.
Nxd5 Nxd5 9. Qxd5 Be7 10. Bd3 O-O 11. Bd2 d6 12. exd6 Qxd6 13. Qxd6 Bxd6 14.
O-O-O Be6 15. a3 Rfe8 16. Bb4 Bxb4 17. axb4 Rad8 18. Rhe1 Bg4 19. f3 Bc8 20. h4
h6 21. Be4 Kf8 22. Rxd8 Rxd8 23. Rd1 Rxd1+ 24. Kxd1 Ke7 25. f4 Kd6 26. c3 g5
27. g3 gxh4 28. gxh4 c5 29. Kd2 cxb4 30. cxb4 b6 31. Ke3 Be6 32. Kd4 Bb3 33.
Bd3 Be6 34. Ke4 Bd7 35. Bc4 f6 36. Kd4 Bf5 37. Bg8 Bb1 38. Bf7 Bf5 39. Bb3 Bb1
40. Kc4 Bf5 41. Kb5 Bc8 42. Bc4 Kc7 43. Bd5 Kd6 44. Bb3 Kc7 45. Kc4 Be6+ 46.
Kc3 Bxb3 47. Kxb3 Kd6 48. Kc4 a6 49. Kd4 f5 50. Kc4 Kc6 51. b5+ axb5+ 52. Kb4
h5 53. b3 Kc7 54. Kxb5 Kb7 55. b4 Kc7 56. Kc4 Kc6 57. Kd4 Kb5 58. Ke5 Kxb4 59.
Kxf5 Kc4 60. Ke5 b5 61. f5 b4 62. f6 b3 63. f7 b2 64. f8=Q b1=Q 65. Qc8+ Kd3
66. Qf5+ Ke3 67. Qxb1 {Normal} 1-0

[Event "Rated Blitz game"]
[Site "?"]
[Date "2021.06.15"]
[Round "?"]
[White "Sinaga_KBPL"]
[Black "Elangsaktii"]
[Result "1/2-1/2"]
[ECO "C46"]
[WhiteElo "2210"]
[BlackElo "2435"]
[PlyCount "43"]
[EventDate "2021.??.??"]
[EventType "blitz"]
[TimeControl "180"]

1. e4 e5 2. Nf3 Nc6 3. Nc3 Nf6 4. Nxe5 Nxe5 5. d4 Bb4 6. dxe5 Nxe4 7. Bd2 Bxc3
8. bxc3 d5 9. Bd3 Nxd2 10. Qxd2 O-O 11. O-O f6 12. exf6 Qxf6 13. Rae1 c6 14. c4
Be6 15. cxd5 Bxd5 16. c4 Bxg2 17. Kxg2 Qf3+ 18. Kg1 Qg4+ 19. Kh1 Qf3+ 20. Kg1
Qg4+ 21. Kh1 Qf3+ 22. Kg1 {Normal} 1/2-1/2

[Event "Rated Blitz game"]
[Site "?"]
[Date "2021.06.14"]
[Round "?"]
[White "forbiddencheapos"]
[Black "iceebear"]
[Result "0-1"]
[ECO "C46"]
[WhiteElo "2400"]
[BlackElo "2323"]
[PlyCount "76"]
[EventDate "2021.??.??"]
[EventType "blitz"]
[TimeControl "300"]

1. e4 e5 2. Nf3 Nc6 3. Nc3 Nf6 4. Nxe5 Nxe5 5. d4 Ng6 6. e5 Ng8 7. Bc4 d6 8.
Qf3 Qe7 9. Nd5 Qd7 10. O-O c6 11. a4 dxe5 12. Re1 cxd5 13. Bb5 e4 14. Bxd7+
Bxd7 15. Qb3 Bc6 16. c4 Rd8 17. cxd5 Bxd5 18. Qb5+ Bc6 19. Rxe4+ Be7 20. Qe2
Bxe4 21. Qxe4 Nf6 22. Qxb7 Rxd4 23. Be3 Rd7 24. Qc8+ Bd8 25. Bc5 Ne7 26. Bxe7
Rxe7 27. Qc6+ Nd7 28. Rd1 O-O 29. b4 Nf6 30. a5 h5 31. h3 Rfe8 32. Kh2 Bc7+ 33.
g3 h4 34. Rd2 Ne4 35. Rc2 Nxf2 36. Kg2 hxg3 37. Qc3 Nd1 38. Qc6 Ne3+ {Normal}
0-1

[Event "Rated Blitz tournament HdtbOxBV"]
[Site "?"]
[Date "2021.06.14"]
[Round "?"]
[White "chico_lachowski"]
[Black "Hellowinchesster"]
[Result "1-0"]
[ECO "C46"]
[WhiteElo "2642"]
[BlackElo "2211"]
[PlyCount "133"]
[EventDate "2021.??.??"]
[EventType "blitz"]
[TimeControl "180"]

1. e4 e5 2. Nc3 Nf6 3. Nf3 Nc6 4. Nxe5 Nxe5 5. d4 Bd6 6. dxe5 Bxe5 7. f4 Bxc3+
8. bxc3 Nxe4 9. Ba3 d6 10. Qf3 O-O 11. O-O-O Nf6 12. Bd3 Bg4 13. Qf2 Bxd1 14.
Rxd1 Qd7 15. Bb2 Rfe8 16. c4 Ne4 17. Qd4 f5 18. g4 c5 19. Qd5+ Qf7 20. Qxf5
Qxf5 21. gxf5 Nf2 22. Rg1 Nxd3+ 23. cxd3 Kf8 24. Rxg7 Re7 25. f6 Rf7 26. Kd2
Re8 27. Rg5 Re6 28. a4 Rexf6 29. Bxf6 Rxf6 30. Ke3 Kf7 31. Ke4 h6 32. Rh5 Kg6
33. Rh3 Re6+ 34. Kd5 Rf6 35. Rg3+ Kf5 36. Rf3 Kg4 37. Re3 b6 38. Re7 Rxf4 39.
Rxa7 Rd4+ 40. Kc6 Rxd3 41. Kxb6 d5 42. Kxc5 dxc4 43. Kxc4 Rd2 44. Rg7+ Kh5 45.
h3 Kh4 46. Rh7 h5 47. Rg7 Kxh3 48. a5 h4 49. a6 Ra2 50. a7 Kh2 51. Kd5 h3 52.
Ke4 Ra4+ 53. Kf3 Ra3+ 54. Kf2 Ra2+ 55. Ke3 Ra3+ 56. Kd2 Ra2+ 57. Kc3 Ra3+ 58.
Kb4 Ra2 59. Kc5 Ra5+ 60. Kb6 Ra2 61. Kb7 Ra3 62. a8=Q Rxa8 63. Kxa8 Kh1 64. Kb7
h2 65. Rh7 Kg1 66. Rg7+ Kf2 67. Rc7 {Time forfeit} 1-0

[Event "Rated Blitz game"]
[Site "?"]
[Date "2021.06.14"]
[Round "?"]
[White "TMViktoker"]
[Black "ProfessorYenk"]
[Result "0-1"]
[ECO "C46"]
[WhiteElo "2453"]
[BlackElo "2459"]
[PlyCount "66"]
[EventDate "2021.??.??"]
[EventType "blitz"]
[TimeControl "180"]

1. e4 e5 2. Nf3 Nc6 3. Nc3 Nf6 4. Nxe5 Nxe5 5. d4 Ng6 6. e5 Ng8 7. Bc4 d5 8.
Bxd5 c6 9. Bb3 Be6 10. O-O N8e7 11. Bxe6 fxe6 12. Ne4 Nf5 13. c3 Qd5 14. Re1
O-O-O 15. Qa4 Kb8 16. Bg5 Be7 17. Rad1 h6 18. Bxe7 Ngxe7 19. c4 Qd7 20. Nc5 Qc8
21. Nb3 Rhf8 22. Rd3 g5 23. Red1 Ng6 24. Nc5 Nf4 25. Ra3 a6 26. Rb3 b5 27.
Nxa6+ Ka7 28. cxb5 cxb5 29. Nc5+ bxa4 30. Rb4 Nxd4 31. Rxa4+ Kb6 32. Raxd4 Rxd4
33. Rxd4 Ne2+ {Normal} 0-1

[Event "Rated Blitz game"]
[Site "?"]
[Date "2021.06.14"]
[Round "?"]
[White "forbiddencheapos"]
[Black "Novikov_Vitaliy"]
[Result "1-0"]
[ECO "C46"]
[WhiteElo "2428"]
[BlackElo "2353"]
[PlyCount "73"]
[EventDate "2021.??.??"]
[EventType "blitz"]
[TimeControl "300"]

1. e4 e5 2. Nf3 Nc6 3. Nc3 Nf6 4. Nxe5 Nxe5 5. d4 Nc6 6. d5 Bb4 7. dxc6 Bxc3+
8. bxc3 O-O 9. cxd7 Qxd7 10. Qxd7 Bxd7 11. f3 Bc6 12. Bf4 Rac8 13. a4 Nh5 14.
Be3 f5 15. exf5 Rce8 16. Kf2 Rxf5 17. Bd3 Rfe5 18. Bd4 R5e7 19. Bxa7 Nf4 20.
Bc4+ Kh8 21. Bc5 Re2+ 22. Bxe2 Rxe2+ 23. Kg3 g5 24. Kg4 Rxg2+ 25. Kf5 Kg7 26.
Rad1 Rxc2 27. Rhg1 h6 28. h4 Rxc3 29. Bd4+ Kf7 30. Bxc3 Bxf3 31. hxg5 hxg5 32.
Rd7+ Ke8 33. Rxc7 Kd8 34. Ba5 Nd5 35. Rc3+ b6 36. Rxf3 bxa5 37. Rd3 {Normal}
1-0

[Event "Rated Blitz game"]
[Site "?"]
[Date "2021.06.14"]
[Round "?"]
[White "forbiddencheapos"]
[Black "Schneeflocke17"]
[Result "1-0"]
[ECO "C46"]
[WhiteElo "2400"]
[BlackElo "2322"]
[PlyCount "66"]
[EventDate "2021.??.??"]
[EventType "blitz"]
[TimeControl "300"]

1. e4 e5 2. Nf3 Nc6 3. Nc3 Nf6 4. Nxe5 Nxe5 5. d4 Nc6 6. d5 Nb8 7. e5 Ng8 8. d6
c6 9. Bc4 b5 10. Bb3 g6 11. Nxb5 Na6 12. Qf3 f6 13. Bg5 Bg7 14. Bxg8 Rxg8 15.
exf6 Qa5+ 16. Bd2 Qxb5 17. f7+ Kf8 18. fxg8=Q+ Kxg8 19. Bc3 Bb7 20. O-O-O Bxc3
21. Qxc3 Nc5 22. Rhe1 Ne6 23. Qf6 Rf8 24. Qh4 Qg5+ 25. Qxg5 Nxg5 26. f3 Ne6 27.
Re3 Ba6 28. Ra3 Bc4 29. Rxa7 Rf7 30. b3 Bd5 31. c4 Bxf3 32. gxf3 Ng5 33. f4 Nf3
{Normal} 1-0

[Event "Rated Blitz game"]
[Site "?"]
[Date "2021.06.14"]
[Round "?"]
[White "forbiddencheapos"]
[Black "SPECNAZ666"]
[Result "1-0"]
[ECO "C46"]
[WhiteElo "2415"]
[BlackElo "2467"]
[PlyCount "75"]
[EventDate "2021.??.??"]
[EventType "blitz"]
[TimeControl "300"]

1. e4 e5 2. Nf3 Nc6 3. Nc3 Nf6 4. Nxe5 Nxe5 5. d4 Nc6 6. d5 Ne5 7. f4 Ng6 8. e5
Ng8 9. d6 c6 10. Bc4 Qh4+ 11. g3 Qh3 12. Qf3 Nh6 13. Ne4 Nh4 14. Qe2 Ng2+ 15.
Kf2 Ng4+ 16. Kg1 Nxf4 17. Bxf4 h6 18. Rf1 b5 19. Bb3 a5 20. Bd2 Ba6 21. Bxf7+
Kd8 22. Nc5 g5 23. Bxa5+ Kc8 24. e6 Bg7 25. exd7+ Kb8 26. c3 Ka7 27. Be8 Nf6
28. Rxf6 Bxf6 29. Qe3 Bd8 30. Bxd8 Rxd8 31. Na4+ Kb7 32. Qb6+ Ka8 33. Qxd8+ Ka7
34. Qb6+ Ka8 35. Qxa6+ Kb8 36. Qb6+ Ka8 37. d8=Q+ Qc8 38. Qxc8# {Normal} 1-0

[Event "Rated Blitz tournament uiKUVl8d"]
[Site "?"]
[Date "2021.06.14"]
[Round "?"]
[White "Starinov"]
[Black "lebedev1966"]
[Result "1-0"]
[ECO "C46"]
[WhiteElo "2451"]
[BlackElo "2318"]
[PlyCount "55"]
[EventDate "2021.??.??"]
[EventType "blitz"]
[TimeControl "180"]

1. e4 Nc6 2. Nf3 e5 3. Nc3 Nf6 4. Nxe5 Nxe5 5. d4 Ng6 6. e5 Ng8 7. Bc4 d6 8.
Qf3 Be6 9. Qxb7 Bxc4 10. Qc6+ Ke7 11. Qxc4 dxe5 12. dxe5 Nxe5 13. Qe4 Kf6 14.
Nd5+ Ke6 15. Nf4+ Kf6 16. O-O Bd6 17. Bd2 Ne7 18. Bc3 N7g6 19. Nh5+ Kg5 20.
Nxg7 Rg8 21. f4+ Kh6 22. fxe5 Bc5+ 23. Kh1 Kxg7 24. e6+ Kh6 25. exf7 Rf8 26.
Qf5 Bd6 27. Bf6 Be7 28. Qg5# {Normal} 1-0

[Event "Rated Blitz game"]
[Site "?"]
[Date "2021.06.14"]
[Round "?"]
[White "forbiddencheapos"]
[Black "GypsyDanger"]
[Result "0-1"]
[ECO "C46"]
[WhiteElo "2425"]
[BlackElo "2428"]
[PlyCount "122"]
[EventDate "2021.??.??"]
[EventType "blitz"]
[TimeControl "300"]

1. e4 e5 2. Nf3 Nc6 3. Nc3 Nf6 4. Nxe5 Nxe5 5. d4 Ng6 6. e5 Ng8 7. Bc4 d5 8.
Bxd5 c6 9. Bb3 Be6 10. O-O N8e7 11. f4 Qd7 12. Ne4 Nf5 13. c3 h5 14. Ng5 Be7
15. Nxe6 fxe6 16. Qd3 O-O-O 17. Qc4 Nf8 18. a4 Kb8 19. a5 Qd5 20. Qa4 Qe4 21.
Bd2 Nxd4 22. Kh1 Qd3 23. cxd4 Rxd4 24. Qa2 Qxd2 25. Bxe6 Ng6 26. a6 Nxf4 27.
Bh3 Nxh3 28. axb7 Bc5 29. gxh3 Rb4 30. Rad1 Qe2 31. Rde1 Qc4 32. Qxc4 Rxc4 33.
e6 Re8 34. Rf7 Be7 35. Rxg7 Kxb7 36. Rd1 Kb6 37. Rd7 Bc5 38. Rxa7 Kb5 39. Rgb7+
Bb6 40. e7 Re4 41. b4 Rxb4 42. Ra1 Re4 43. Rb1+ Kc5 44. R7xb6 R8xe7 45. R6b2
Kd6 46. Rd1+ Kc7 47. Rbd2 Re1+ 48. Rxe1 Rxe1+ 49. Kg2 Re6 50. Kg3 Rd6 51. Kh4
c5 52. Rc2 Kc6 53. Kxh5 Rd4 54. Kg5 Rd5+ 55. Kg4 Rd4+ 56. Kf3 Rd5 57. Ke4 Rd6
58. h4 Re6+ 59. Kf5 Re2 60. Kf4 Rxc2 61. Kg5 Kd5 {Time forfeit} 0-1

[Event "Rated Blitz game"]
[Site "?"]
[Date "2021.06.14"]
[Round "?"]
[White "RiskyBlitzer"]
[Black "forbiddencheapos"]
[Result "1-0"]
[ECO "C46"]
[WhiteElo "2448"]
[BlackElo "2453"]
[PlyCount "83"]
[EventDate "2021.??.??"]
[EventType "blitz"]
[TimeControl "300"]

1. e4 e5 2. Nc3 Nc6 3. Nf3 Nf6 4. Nxe5 Nxe5 5. d4 Nc6 6. e5 Ng8 7. Bc4 Bb4 8.
Qf3 Qe7 9. O-O Nxd4 10. Qg3 Nf5 11. Qf4 Bxc3 12. bxc3 d6 13. exd6 Nxd6 14. Ba3
Nf6 15. Rfe1 Be6 16. Bb5+ Kf8 17. Rad1 Rd8 18. Rd3 Kg8 19. c4 a6 20. Ba4 b6 21.
c5 bxc5 22. Bxc5 h5 23. Bb3 Rh6 24. f3 Nfe8 25. Rde3 Qf6 26. Qb4 h4 27. Bxe6
fxe6 28. Qb3 Qf5 29. Ba3 Qd5 30. Qb1 Nc4 31. Rd3 Nxa3 32. Rxd5 exd5 33. Qb3 Nc4
34. Rd1 Rhd6 35. h3 Nf6 36. c3 Re8 37. Qb4 Re2 38. Rxd5 Nxd5 39. Qxc4 Rc2 40.
Qe4 Rxc3 41. Qe8+ Kh7 42. Qh5+ {Time forfeit} 1-0

[Event "Rated Blitz game"]
[Site "?"]
[Date "2021.06.14"]
[Round "?"]
[White "forbiddencheapos"]
[Black "JanBoekelman02"]
[Result "0-1"]
[ECO "C46"]
[WhiteElo "2422"]
[BlackElo "2324"]
[PlyCount "76"]
[EventDate "2021.??.??"]
[EventType "blitz"]
[TimeControl "300"]

1. e4 e5 2. Nf3 Nc6 3. Nc3 Nf6 4. Nxe5 Nxe5 5. d4 Nc6 6. d5 Ne5 7. f4 Ng6 8. e5
Bb4 9. exf6 O-O 10. fxg7 Re8+ 11. Be2 Qh4+ 12. g3 Qh3 13. Qd4 Bxc3+ 14. bxc3
Qg2 15. Be3 Qxh1+ 16. Bf1 Qf3 17. Kd2 Re4 18. Qd3 d6 19. Be2 Qxe3+ 20. Qxe3
Rxe3 21. Kxe3 Bf5 22. Kd2 Kxg7 23. g4 Bd7 24. Rf1 Re8 25. h3 f5 26. Bd3 fxg4
27. f5 Ne5 28. hxg4 Nxg4 29. Rg1 h5 30. Rh1 Kh6 31. c4 Kg5 32. a3 Bxf5 33. Bxf5
Kxf5 34. Rxh5+ Kg6 35. Rh4 Ne5 36. Kc3 Rf8 37. a4 a5 38. Kd4 Nf3+ {Normal} 0-1

[Event "Rated Blitz game"]
[Site "?"]
[Date "2021.06.14"]
[Round "?"]
[White "carloseduar100"]
[Black "ppnexo"]
[Result "0-1"]
[ECO "C46"]
[WhiteElo "2290"]
[BlackElo "2430"]
[PlyCount "92"]
[EventDate "2021.??.??"]
[EventType "blitz"]
[TimeControl "180+2"]

1. e4 e5 2. Nf3 Nc6 3. Nc3 Nf6 4. Nxe5 Nxe5 5. d4 Ng6 6. e5 Ng8 7. Bc4 d6 8.
Qf3 Be6 9. Qxb7 N8e7 10. d5 Bd7 11. exd6 cxd6 12. Nb5 Qb8 13. Qxa8 Qxa8 14.
Nc7+ Kd8 15. Nxa8 Kc8 16. Be3 Kb7 17. Nc7 Kxc7 18. Bxa7 Ne5 19. Bb3 Bb5 20.
O-O-O Nf5 21. h3 h5 22. Rhe1 Be7 23. a4 Ba6 24. a5 Bg5+ 25. Kb1 Nd7 26. g4 hxg4
27. hxg4 Nh4 28. Ba4 Nf3 29. Re4 Nde5 30. Bb6+ Kb7 31. Rb4 Ka8 32. Bc6+ Nxc6
33. dxc6 Rc8 34. Rxd6 Nd2+ 35. Ka2 Be7 36. Rd7 Bxb4 37. Ra7+ Kb8 38. c7+ Rxc7
39. Rxc7 Nc4 40. Rxf7 Nxb6 41. axb6 Bc4+ 42. b3 Bxf7 43. c4 Bc5 44. f4 Bxb6 45.
Kb2 Be3 46. Kc3 Bxf4 {Normal} 0-1

[Event "Rated Blitz game"]
[Site "?"]
[Date "2021.06.14"]
[Round "?"]
[White "forbiddencheapos"]
[Black "tomiszt"]
[Result "1-0"]
[ECO "C46"]
[WhiteElo "2417"]
[BlackElo "2266"]
[PlyCount "47"]
[EventDate "2021.??.??"]
[EventType "blitz"]
[TimeControl "300"]

1. e4 e5 2. Nf3 Nc6 3. Nc3 Nf6 4. Nxe5 Nxe5 5. d4 Ng6 6. e5 Ng8 7. Bc4 d6 8.
Qf3 Be6 9. Qxb7 Bxc4 10. Qc6+ Ke7 11. Qxc4 Qd7 12. Nd5+ Kd8 13. f4 c6 14. Nb4
d5 15. Qc3 Bxb4 16. Qxb4 N8e7 17. Bd2 Qc7 18. Qc5 Nc8 19. Ba5 Nb6 20. f5 Nf8
21. O-O Nfd7 22. Qa3 Nxe5 23. dxe5 Qxe5 24. Bxb6+ {Normal} 1-0

[Event "Rated Blitz game"]
[Site "?"]
[Date "2021.06.14"]
[Round "?"]
[White "forbiddencheapos"]
[Black "ArnoldEssing"]
[Result "0-1"]
[ECO "C46"]
[WhiteElo "2420"]
[BlackElo "2439"]
[PlyCount "74"]
[EventDate "2021.??.??"]
[EventType "blitz"]
[TimeControl "300"]

1. e4 Nf6 2. Nc3 e5 3. Nf3 Nc6 4. Nxe5 Nxe5 5. d4 Nc6 6. d5 Nb8 7. e5 Ng8 8. d6
cxd6 9. exd6 Qf6 10. Nb5 Na6 11. Bc4 g6 12. O-O Bh6 13. Qe2+ Kf8 14. Re1 Bxc1
15. Raxc1 Nh6 16. c3 Kg7 17. Qe4 Nc5 18. Qd5 Ne6 19. Re4 a6 20. Nc7 Rb8 21.
Rce1 b5 22. Nxe6+ fxe6 23. Qc5 bxc4 24. Qc7 Rb7 25. Qxc4 Rf8 26. R4e2 Nf5 27.
Qc5 Rb5 28. Qc7 Rb7 29. Qc5 Kg8 30. a4 Nh4 31. b4 Qf5 32. Qc4 Rb6 33. Qxh4 Rxd6
34. h3 Bb7 35. Qe7 Rd3 36. Rc1 Qd5 37. f3 Rd2 {Time forfeit} 0-1

[Event "Rated Rapid game"]
[Site "?"]
[Date "2021.06.13"]
[Round "?"]
[White "Amittrivan"]
[Black "compte_galere"]
[Result "0-1"]
[ECO "C46"]
[WhiteElo "2300"]
[BlackElo "2451"]
[PlyCount "158"]
[EventDate "2021.??.??"]
[EventType "rapid"]
[TimeControl "600"]

1. e4 e5 2. Nf3 Nf6 3. Nc3 Nc6 4. Nxe5 Nxe5 5. d4 Ng6 6. e5 Ng8 7. Bc4 Bb4 8.
O-O Bxc3 9. bxc3 N8e7 10. f4 d5 11. Bd3 Bf5 12. g4 Bxd3 13. Qxd3 Nc6 14. f5 Nf8
15. Rb1 Qh4 16. h3 O-O-O 17. Kg2 Nd7 18. Bf4 Nb6 19. Qd2 Nc4 20. Qc1 Qe7 21. a4
h5 22. g5 Qa3 23. Rb3 Qxa4 24. h4 N6a5 25. Rb4 Qa3 26. Qxa3 Nxa3 27. Ra4 N3c4
28. Rb1 b6 29. Re1 Kb7 30. Rea1 Rhe8 31. Kf3 g6 32. f6 Re6 33. Rb1 Rc6 34. Ke2
Kc8 35. Kd3 Kb7 36. Rb5 Ka8 37. Ra1 Nb7 38. Rb3 Nca5 39. Rba3 Rd7 40. Rb1 Nd8
41. Bg3 Ne6 42. Rba1 Rc4 43. Be1 c5 44. Bf2 cxd4 45. cxd4 Rdc7 46. c3 Nf4+ 47.
Kd2 R4c6 48. Ke3 Ne6 49. Kd3 Nc4 50. Rb3 a5 51. Bg3 Kb7 52. Rb5 Ka6 53. Rxd5 b5
54. Rb1 Na3 55. Rc1 b4 56. Rd6 bxc3 57. Rxc6+ Rxc6 58. d5 Nc5+ 59. Ke3 Rc8 60.
Rxc3 Nb5 61. Rc1 a4 62. Ke2 a3 63. Bf2 a2 64. Bxc5 Rxc5 65. Ra1 Rxd5 66. Rxa2+
Kb6 67. e6 Nc3+ 68. Kf3 Nxa2 69. e7 Re5 70. Kf4 Re6 71. Kf3 Nc3 72. Kf4 Nd5+
73. Kf3 Nxe7 74. fxe7 Rxe7 75. Kf4 Re6 76. Kf3 Kc6 77. Kg3 Kd6 78. Kg2 Kd5 79.
Kg3 Ke5 {Time forfeit} 0-1

[Event "Rated Blitz game"]
[Site "?"]
[Date "2021.06.13"]
[Round "?"]
[White "lavilaine"]
[Black "Albator"]
[Result "0-1"]
[ECO "C46"]
[WhiteElo "2359"]
[BlackElo "2426"]
[PlyCount "44"]
[EventDate "2021.??.??"]
[EventType "blitz"]
[TimeControl "180"]

1. e4 e5 2. Nf3 Nc6 3. Nc3 Nf6 4. Nxe5 Nxe5 5. d4 Bb4 6. dxe5 Nxe4 7. Bd2 Bxc3
8. Bxc3 Nxc3 9. bxc3 O-O 10. f4 f6 11. Bc4+ Kh8 12. O-O Qe7 13. Qh5 Qc5+ 14.
Kh1 Qxc4 15. Rf3 fxe5 16. Rh3 Qe4 17. fxe5 d5 18. Rf3 Bg4 19. Rxf8+ Rxf8 20.
Qg5 h6 21. Qe7 Rf2 22. Rg1 Bh3 {Normal} 0-1

[Event "Rated Rapid game"]
[Site "?"]
[Date "2021.06.13"]
[Round "?"]
[White "TEKATARGECER"]
[Black "drhossamebrahim"]
[Result "1-0"]
[ECO "C46"]
[WhiteElo "2528"]
[BlackElo "2375"]
[PlyCount "63"]
[EventDate "2021.??.??"]
[EventType "rapid"]
[TimeControl "600"]

1. e4 e5 2. Nf3 Nf6 3. Nc3 Nc6 4. Nxe5 Nxe5 5. d4 Ng6 6. e5 Ng8 7. Bc4 c6 8.
Qe2 Bb4 9. Bxf7+ Kf8 10. Bb3 d5 11. O-O N8e7 12. Nd1 h5 13. Bg5 Kg8 14. f4 Bg4
15. Qd3 Qd7 16. c3 Bf5 17. Qf3 Be4 18. Qxe4 Ba5 19. f5 Nf8 20. f6 gxf6 21. exf6
Neg6 22. f7+ Kh7 23. Qd3 Qg4 24. Bf6 Bc7 25. Ne3 Qe6 26. Nf5 Qxf6 27. Qd2 Ne7
28. Bc2 Nxf5 29. Rxf5 Bxh2+ 30. Kh1 Qh4 31. Rf4+ Kg7 32. Rxh4 {Normal} 1-0

[Event "Rated Blitz game"]
[Site "?"]
[Date "2021.06.13"]
[Round "?"]
[White "forbiddencheapos"]
[Black "maestrosensey7"]
[Result "1-0"]
[ECO "C46"]
[WhiteElo "2427"]
[BlackElo "2256"]
[PlyCount "103"]
[EventDate "2021.??.??"]
[EventType "blitz"]
[TimeControl "300"]

1. e4 e5 2. Nf3 Nc6 3. Nc3 Nf6 4. Nxe5 Nxe5 5. d4 Nxe4 6. Nxe4 Ng6 7. d5 Bb4+
8. c3 Ba5 9. Bd3 O-O 10. O-O d6 11. Qh5 Qh4 12. Nf6+ gxf6 13. Bxg6 Qxh5 14.
Bxh5 Bf5 15. Bh6 Rfe8 16. Rfe1 Bg6 17. Bf3 Bb6 18. h4 Re5 19. Bf4 Ree8 20. h5
Bf5 21. g4 Bd7 22. Kg2 Kg7 23. h6+ Kg6 24. Be4+ f5 25. Bd3 f6 26. Kf3 c6 27.
gxf5+ Kf7 28. c4 cxd5 29. cxd5 Bc5 30. Re6 Bxe6 31. fxe6+ Ke7 32. Bxh7 Bd4 33.
Bf5 Be5 34. Be3 b6 35. Rb1 Rac8 36. b4 Rc4 37. Rg1 Rh4 38. Rg7+ Kd8 39. Rd7+
Kc8 40. Rxa7 Kb8 41. Rg7 Bd4 42. Bf4 Be5 43. Bxe5 fxe5 44. Bg6 Rf8+ 45. Rf7
Rf4+ 46. Rxf4 Rxf4+ 47. Kg3 Rf8 48. h7 Rh8 49. e7 Kc7 50. e8=Q Rxe8 51. Bxe8
Kd8 52. h8=Q {Time forfeit} 1-0

[Event "Rated Blitz game"]
[Site "?"]
[Date "2021.06.13"]
[Round "?"]
[White "forbiddencheapos"]
[Black "Tango666"]
[Result "1-0"]
[ECO "C46"]
[WhiteElo "2411"]
[BlackElo "2272"]
[PlyCount "31"]
[EventDate "2021.??.??"]
[EventType "blitz"]
[TimeControl "300"]

1. e4 e5 2. Nf3 Nf6 3. Nc3 Nc6 4. Nxe5 Nxe5 5. d4 Nc6 6. d5 Nb8 7. e5 Ng8 8. d6
cxd6 9. exd6 Bxd6 10. Qxd6 Qe7+ 11. Qxe7+ Nxe7 12. Bf4 Nbc6 13. O-O-O O-O 14.
Bd6 Re8 15. Re1 f6 16. Nd5 {Normal} 1-0

[Event "Rated Blitz game"]
[Site "?"]
[Date "2021.06.13"]
[Round "?"]
[White "weeza"]
[Black "Saint_Seiya4ever"]
[Result "0-1"]
[ECO "C46"]
[WhiteElo "2343"]
[BlackElo "2435"]
[PlyCount "92"]
[EventDate "2021.??.??"]
[EventType "blitz"]
[TimeControl "180"]

1. e4 e5 2. Nf3 Nc6 3. Nc3 Nf6 4. Nxe5 Nxe5 5. d4 Ng6 6. e5 Ng8 7. Bc4 Bb4 8.
O-O Bxc3 9. bxc3 N8e7 10. f4 d5 11. exd6 Qxd6 12. f5 Bxf5 13. a4 O-O 14. Ba3
Qd8 15. g4 Be6 16. Bd3 Qd7 17. h3 f5 18. g5 f4 19. h4 Nxh4 20. Bxh7+ Kxh7 21.
Qh5+ Kg8 22. Bxe7 Qxe7 23. g6 Nxg6 24. Qxg6 Rf6 25. Qg5 Qf7 26. Kf2 Rg6 27. Qe5
Re8 28. Rae1 Bd7 29. Qxc7 Rh6 30. Rxe8+ Bxe8 31. Qxf7+ Bxf7 32. Ke2 g5 33. Kd3
Rc6 34. Rg1 Rg6 35. c4 Kg7 36. d5 Kf6 37. Kd4 Kf5 38. c5 g4 39. d6 Be8 40. a5
Bc6 41. c4 a6 42. Re1 g3 43. Re7 g2 44. d7 g1=Q+ 45. Kc3 Rg3+ 46. Kb4 Qb1# {
Normal} 0-1